 Dungeon Crawl Stone Soup version 0.30-a0-777-ga9a30cbeda (webtiles) character file.

Game seed: 16546197302336697734

98 FalseProphet the Chopper (level 4, -3/51 HPs)
             Began as a Demonspawn Gladiator on Feb 14, 2023.
             Killed by divine providence
             ... invoked by an orc priest
              (13 damage)
             ... on level 2 of the Dungeon.
             The game lasted 00:01:54 (1084 turns).

FalseProphet the Chopper (Demonspawn Gladiator)     Turns: 1084, Time: 00:01:55

Health: -3/51      AC: 22    Str: 16    XL:     4   Next: 44%
Magic:  4/4        EV:  2    Int: 10    God:
Gold:   23         SH:  0    Dex: 14    Spells: 3/3 levels left

rFire   . . .      SeeInvis .    a - +0 war axe
rCold   . . .      Faith    .    (no shield)
rNeg    . . .      Spirit   .    (body armour currently unavailable)
rPois   +          Reflect  .    (helmet currently unavailable)
rElec   .          Harm     .    (cloak currently unavailable)
rCorr   .          Rampage  .    (gloves currently unavailable)
Will    .....      NoTele   +    (boots currently unavailable)
Stlth   +                        (no amulet)
HPRegen 0.28/turn                (no ring)
MPRegen 0.09/turn                (no ring)

@: tree-form
A: stationary, stasis, torment immunity, boosted hp, (hooves 1)
a: no special abilities


You were on level 2 of the Dungeon.
You were a tree.
You visited 1 branch of the dungeon, and saw 2 of its levels.

You collected 23 gold pieces.

Inventory:

Hand Weapons
 a - a +0 war axe (weapon)
Missiles
 d - 4 throwing nets (quivered)
 e - a javelin
Armour
 c - a +0 helmet (melded)
 g - a +0 ring mail (melded)
Scrolls
 i - a scroll of fog {unknown}
Potions
 b - a potion of ambrosia {unknown}
 h - 2 potions of brilliance


   Skills:
 + Level 2.6 Fighting
 + Level 4.1 Axes
 + Level 1.9 Throwing
 + Level 0.2 Armour
 + Level 3.1 Dodging


You had 3 spell levels left.
You didn't know any spells.
Your spell library contained the following spells:

 Spells                   Type           Power      Damage    Failure   Level
 Inner Flame              Hex/Fire       0%         N/A       75%         3
 Cause Fear               Hex            0%         N/A       98%         4
 Discord                  Hex            0%         N/A       100%        8


Dungeon Overview and Level Annotations

Branches:
Dungeon (2/15)

Altars:


Innate Abilities, Weirdness & Mutations

You are a tree.
Your roots penetrate the ground, keeping you stationary.
You cannot be teleported.
You are immune to unholy pain and torment.
Your maximum health is greatly increased.
Your equipment is partially melded.
((You have large cloven feet.))


Message History

A magic dart appears from out of thin air!
The magic dart hits you!
* * * LOW HITPOINT WARNING * * *
The orc hits you with a +0 short sword.
* * * LOW HITPOINT WARNING * * *
You closely miss something. Your kick misses something. You hit the orc.
You kill the orc!
Something hits you but does no damage. The orc priest barely misses you.
Something hits you.
* * * LOW HITPOINT WARNING * * *
Unknown command.
It was a potion of lignification.
You turn into a tree.
Your +0 helmet melds into your body.
Your +0 ring mail melds into your body.
Your roots penetrate the ground.
Something hits you but does no damage.
The orc priest hits you but does no damage.
You completely miss the orc priest. You hit something but do no damage.
You hear some strange, mumbled words.
A puff of flame appears from out of thin air!
The puff of flame hits you but does no damage.
The orc priest hits you but does no damage.
You hit the orc priest but do no damage.
You miss something.
The orc priest hits you but does no damage.
You hear some strange, mumbled words.
A magic dart appears from out of thin air!
The magic dart hits you but does no damage.
Unknown command.
You completely miss the orc priest. You miss something.
The orc priest hits you but does no damage.
Something hits you but does no damage. x2
The orc priest hits you with a +0 falchion.
* * * LOW HITPOINT WARNING * * *
You hit the orc priest.
The orc priest is lightly wounded.
You hit something but do no damage.
You hear some strange, mumbled words.
Something tries to affect you, but you resist.
The orc priest mumbles some strange prayers to Beogh against you.
Beogh smites you!
You die...

#........# #......
##..#...
..##...... .......
.. $#...... .....
... #...... ....
.... #......
#..#...#. #......
#o)...... ##......
#o#########.......
#♣{.........##.###
##############.#
#.# #.# #.# #.#
#.# #.# #.#


You could see an orc priest and an orc.

Vanquished Creatures
  Jessica (D:2)
  An adder (D:2)
  4 dart slugs (D:1)
  3 orcs (D:2)
  6 ball pythons
  2 endoplasms (D:1)
  2 giant cockroaches (D:1)
  2 goblins (D:1)
  2 hobgoblins (D:1)
  8 jackals
  11 kobolds
  2 quokkas (D:2)
  2 frilled lizards
  3 rats (D:1)
49 creatures vanquished.

Notes
Turn   | Place    | Note
-------+----------+-------------------------------------------
     0 | D:1      | FalseProphet the Demonspawn Gladiator began the quest for
                  | the Orb.
     0 | D:1      | Reached XP level 1. HP: 16/16 MP: 1/1
   113 | D:1      | Reached skill level 3 in Axes
   113 | D:1      | Gained mutation: You have large cloven feet. [demonic
                  | ancestry]
   113 | D:1      | Reached XP level 2. HP: 16/22 MP: 2/2
   233 | D:1      | Reached XP level 3. HP: 25/27 MP: 3/3
   828 | D:2      | Noticed Jessica
   836 | D:2      | Killed Jessica
   837 | D:2      | Reached skill level 4 in Axes
   837 | D:2      | Reached XP level 4. HP: 12/34 MP: 4/4
  1084 | D:2      | Killed from afar by an orc priest

Illustrated notes

Levels and vault maps discovered:
D:1:      minmay_arrival_arboretum_small, layout_basic
D:2:      cheibrodos_pilgrimage, layout_basic, basic_altar, uniq_natasha,
          uniq_jessica

Skill      XL: |  1  2  3 |
---------------+----------+-----
Axes           | 3 4 |  4.1
Dodging        | 3 |  3.1
Fighting       | |  2.6
Throwing       | |  1.9
Armour         | |  0.2

Action                     |  1- 3 |  4- 6 || total
---------------------------+-------+-------++-------
  Melee: War axe           |    87 |    26 ||   113
         Kick              |    18 |     4 ||    22
         Punch             |     1 |     2 ||     3
    Use: Scroll            |     3 |       ||     3
         Potion            |       |     1 ||     1
 Armour: Leather armour    |    17 |       ||    17
         Ring mail         |    19 |    13 ||    32
         Skin              |       |     9 ||     9
  Dodge: Dodged            |    80 |    11 ||    91

Table legend: (Time is in decaauts)
 A = Elapsed time spent in this place.
 B = Non-inter-level travel time spent in this place.
 C = Inter-level travel time spent in this place.
 D = Time resting spent in this place.
 E = Time spent auto-exploring this place.
 F = Levels seen in this place.
 G = Mean time per level.
                   A        B        C        D        E       F      G
               +--------+--------+--------+--------+--------+-----+--------+
         Total |   1121 |   1062 |     59 |      0 |    800 |   2 |  560.5 |
       Dungeon |   1121 |   1062 |     59 |      0 |    800 |   2 |  560.5 |
               +--------+--------+--------+--------+--------+-----+--------+

Top non-repeatable levels by time:
     D:1: 682 daAuts
     D:2: 438 daAuts
